 Dungeon Crawl Stone Soup version 0.28.0-53-g5a82cb258f (webtiles) character file.

Game seed: 3833232729292897892

12338 Yomyael the Basher (level 11, -3/73 HPs)
             Began as a Gargoyle Fighter on Aug 9, 2022.
             Was a High Priest of Okawaru.
             Shot with a bolt by a yaktaur (7 damage)
             ... on level 11 of the Dungeon.
             The game lasted 00:42:24 (11310 turns).

Yomyael the Basher (Gargoyle Fighter)              Turns: 11310, Time: 00:42:25

Health: -3/73      AC: 34    Str: 31    XL:     11   Next: 91%
Magic:  15/15      EV:  8    Int:  8    God:    Okawaru [*****.]
Gold:   1281       SH:  0    Dex:  9    Spells: 10/10 levels left

rFire   . . .      SeeInvis .   F - +3 great mace (protect)
rCold   . . .      Faith    .   (shield currently unavailable)
rNeg    + . .      Spirit   .   C - +0 plate armour
rPois   ∞          Reflect  .   g - +0 helmet
rElec   +          Harm     .   E - +0 cloak
rCorr   .          Rampage  .   o - +1 pair of gloves
Will    .....                   D - +2 pair of boots {Fly}
Stlth   ..........              (no amulet)
HPRegen 0.22/turn               e - +4 ring of protection
MPRegen 0.14/turn               i - +6 ring of strength

@: flying
A: sickness immunity, AC +8, negative energy resistance 1, electricity
resistance, torment resistance 1, petrification resistance
a: Renounce Religion, Heroism, Finesse, Duel


You were on level 11 of the Dungeon.
You worshipped Okawaru.
Okawaru was extremely pleased with you.
You visited 1 branch of the dungeon, and saw 11 of its levels.
You also visited: Bailey.

You collected 1281 gold pieces.

Inventory:

Hand Weapons
 a - a +0 flail
 p - a +2 dire flail of venom
 F - a +3 great mace of protection (weapon)
Missiles
 B - 14 boomerangs (quivered)
Armour
 b - a +0 scale mail
 c - a +0 buckler
 g - a +0 helmet (worn)
 o - a +1 pair of gloves (worn)
 v - +0 acid dragon scales
 z - a +2 kite shield of protection
 C - a +0 plate armour (worn)
 D - a +2 pair of boots of flying (worn)
 E - a +0 cloak (worn)
Jewellery
 e - a +4 ring of protection (left hand)
 h - a +4 ring of evasion
 i - a +6 ring of strength (right hand)
 s - a ring of positive energy
Wands
 d - a wand of polymorph (17)
 j - a wand of paralysis (6)
 u - a wand of iceblast (3)
 y - a wand of digging (4)
 H - a wand of acid (4)
Scrolls
 k - 4 scrolls of teleportation
Potions
 f - a potion of degeneration
 l - a potion of cancellation
 m - a potion of berserk rage
 n - 2 potions of brilliance
 q - a potion of haste
 r - 5 potions of flight
 t - 2 potions of mutation {unknown}
 w - a potion of might
 x - a potion of lignification
 A - 3 potions of curing
 G - a potion of invisibility


   Skills:
 + Level 10.5 Fighting
 - Level 14.0 Maces & Flails
 - Level 8.0 Armour
 - Level 3.2 Shields
 - Level 6.0 Invocations


You had 10 spell levels left.
You didn't know any spells.
Your spell library contained the following spells:

 Spells                   Type           Power      Damage    Failure   Level
 Ensorcelled Hibernation  Hex/Ice        0%         N/A       99%         2
 Passwall                 Tmut/Erth      0%         N/A       99%         2
 Static Discharge         Conj/Air       0%         N/A       99%         2
 Portal Projectile        Hex/Tloc       0%         N/A       100%        3
 Swiftness                Air            0%         N/A       100%        3
 Dispel Undead            Necr           0%         3d6       100%        4
 Leda's Liquefaction      Hex/Erth       0%         N/A       100%        4
 Sticky Flame             Conj/Fire      0%         2d3       100%        4
 Blade Hands              Tmut           0%         N/A       100%        5
 Iron Shot                Conj/Erth      0%         9d1       100%        6
 Call Canine Familiar     Summ           Unusable   N/A       N/A         3
 Animate Armour           Summ/Erth      Unusable   N/A       N/A         4

Dungeon Overview and Level Annotations

Branches:
Dungeon (11/15)            Temple (0/1) D:4            Lair (0/6) D:11
 Bailey (visited)
    Orc: D:9-12

Altars:
Ashenzari
Dithmenos
Elyvilon
Fedhas
Nemelex Xobeh
Okawaru
Uskayaw

Portals:
Abyss: D:5

Annotations:
D:5 2 transporters, infcreate's ghost, amateur DEHu
D:7 3 runed translucent doors, Descartes's ghost, novice TrCK
D:9 Psyche


Innate Abilities, Weirdness & Mutations

You are immune to sickness and miasma.
Your stone body is resilient. (AC +8)
You are immune to poison.
You resist negative energy. (rN+)
You are resistant to electric shocks. (rElec)
You are resistant to unholy torment.
You are immune to petrification.


Message History

The yaktaur hits you but does no damage.
You bludgeon the yaktaur!!
The yaktaur is almost dead.
The yaktaur hits you but does no damage.
You completely miss the yaktaur.
The yaktaur is almost dead.
The yaktaur barely misses you.
You sock the yaktaur!
You kill the yaktaur!
Okawaru accepts your kill.
You start resting.
A two-headed ogre is nearby!
You see here a +2 kite shield of protection.
z - a +2 kite shield of protection The centaur shoots an arrow.
The arrow hits you.
The centaur shoots an arrow.
The arrow hits you but does no damage.
You hear a bellow!
The centaur shoots an arrow.
The arrow barely misses you.
The centaur shoots an arrow.
The arrow barely misses you.
The yaktaur shouts!
The centaur shoots an arrow.
The arrow closely misses you.
The yaktaur wields a +0 arbalest.
The yaktaur shoots a bolt.
The bolt hits you!
The centaur shoots an arrow.
The arrow hits you but does no damage.
The centaur unwields a +0 shortbow.
The centaur wields a +0 trident.
The centaur hits you but does no damage.
The centaur kicks you but does no damage.
You bludgeon the centaur!!
Your weapon exudes an aura of protection.
You kill the centaur!
Okawaru accepts your kill.
A cyclops comes into view.
The cyclops shouts!
You hear a shout! x2
The yaktaur shoots a bolt.
The bolt hits you but does no damage.
The yaktaur shoots a bolt.
The bolt hits you!!
* * * LOW HITPOINT WARNING * * *
You hear a bellow!
An orc warrior comes into view. It is wielding a +0 scimitar.
The orc warrior shouts!
The yaktaur shoots a bolt.
The bolt hits you!
You die...

..## #.###############O
.... ###.#.......cl......
.....#........###........
.....##..)c#...≈..Q#.....
..≈.oo#...#..#..*#..#....
$.≈)..#...#.##PP.##.#....
..≈...)†O.#...PPP...#....
.≈...#C..#≈.c.>PP.≈#####
.≈...##@.#..P.PPP..# ....
#..#.##...##.# ....
#..#..#...#..## ...
#...#...≈...#.#
######......###....#
#....#.............#
####.#......#....###
#.#.######..###
#..........##


You could see a two-headed ogre, a cyclops, a yaktaur, an orc warrior and an
orc.

Vanquished Creatures
  Erolcha (D:9)
  Erica (D:8)
  A catoblepas (D:10)
  3 two-headed ogres
  3 centaur zombies
  Joseph (D:9)
  4 yaktaurs (D:11)
  An unseen horror (D:11)
  2 komodo dragons (D:11)
  A tengu conjurer (D:11)
  Grinder (D:4)
  2 shadows
  A wraith (D:11)
  4 yaks (D:11)
  A basilisk (D:11)
  An acid dragon (D:9)
  Edmund (D:4)
  2 water moccasins
  7 orc warriors
  Duvessa (D:7)
  3 black bears (D:5)
  A necrophage (D:7)
  7 centaurs
  A phantom (D:4)
  A kobold brigand (D:7)
  The ghost of kalagan the Conjurer, an amateur DECj (D:3)
  A gnoll sergeant (D:10)
  A bullfrog (D:9)
  2 wyvern zombies
  3 scorpions (D:5)
  A water moccasin skeleton (D:5)
  Dowan (D:7)
  6 killer bees (D:9)
  2 howler monkeys (D:9)
  A bullfrog zombie (D:5)
  6 hounds
  A gnoll shaman (D:9)
  4 orc priests
  6 jellies
  A bullfrog skeleton (D:5)
  4 centaur skeletons
  3 iguanas
  3 orc wizards
  2 hound skeletons
  11 gnolls
  11 adders
  A shadow imp (D:5)
  2 white imps
  An ufetubus (D:5)
  3 worms
  5 dart slugs
  27 orcs
  6 ball pythons
  10 endoplasms
  A giant cockroach (D:2)
  7 goblins
  6 hobgoblins
  7 jackals
  2 quokkas
  4 bats
  A frilled lizard (D:1)
  21 kobolds
  2 rats (D:1)
229 creatures vanquished.

Vanquished Creatures (others)
  8 plants (D:11)
8 creatures vanquished.

Grand Total: 237 creatures vanquished

Notes
Turn   | Place    | Note
-------+----------+-------------------------------------------
     0 | D:1      | Yomyael the Gargoyle Fighter began the quest for the Orb.
     0 | D:1      | Reached XP level 1. HP: 14/14 MP: 1/1
   124 | D:1      | Found a faded altar of an unknown god.
   134 | D:1      | Reached XP level 2. HP: 19/19 MP: 2/2
   370 | D:1      | Reached skill level 3 in Maces & Flails
   675 | D:2      | Reached XP level 3. HP: 20/23 MP: 3/3
   860 | D:2      | Found a hide-covered altar of Uskayaw.
   872 | D:2      | Reached skill level 4 in Maces & Flails
  1213 | D:2      | Reached XP level 4. HP: 28/28 MP: 4/4
  1591 | D:3      | Noticed kalagan's ghost (amateur DECj)
  1642 | D:3      | Found a runed translucent door.
  2056 | D:3      | You fall into a shaft and drop 3 floors!
  2076 | D:6      | Found a hide-covered altar of Uskayaw.
  2122 | D:6      | Found an iron altar of Okawaru.
  2129 | D:6      | Became a worshipper of Warmaster Okawaru
  2145 | D:6      | Reached skill level 5 in Maces & Flails
  2145 | D:6      | Reached XP level 5. HP: 27/32 MP: 5/5
  2207 | D:5      | Entered Level 5 of the Dungeon
  2207 | D:5      | Noticed a toenail golem
  2402 | D:4      | Noticed Edmund
  2430 | D:5      | Reached skill level 6 in Maces & Flails
  2430 | D:5      | Reached XP level 6. HP: 10/37 MP: 6/6
  2771 | D:3      | Reached * piety under Okawaru
  2772 | D:3      | Reached skill level 7 in Maces & Flails
  3357 | D:3      | Killed kalagan's ghost
  3358 | D:3      | Reached XP level 7. HP: 31/41 MP: 7/7
  3549 | D:4      | Found a staircase to the Ecumenical Temple.
  3594 | D:4      | Reached skill level 8 in Maces & Flails
  3687 | D:4      | Reached ** piety under Okawaru
  3791 | D:4      | Killed Edmund
  4101 | D:4      | Noticed Grinder
  4108 | D:4      | Paralysed by Grinder for 2 turns
  4130 | D:4      | Killed Grinder
  4131 | D:4      | Reached skill level 9 in Maces & Flails
  4131 | D:4      | Reached XP level 8. HP: 26/46 MP: 8/8
  4539 | D:5      | Noticed infcreate's ghost (amateur DEHu)
  4541 | D:5      | Found a transporter.
  4543 | D:5      | Found a one-way gate to the infinite horrors of the Abyss.
  4668 | D:5      | Found a transporter.
  4743 | D:5      | Reached skill level 5 in Fighting
  4871 | D:5      | Reached *** piety under Okawaru
  4872 | D:5      | Reached skill level 10 in Maces & Flails
  4980 | D:5      | Reached XP level 9. HP: 55/55 MP: 9/9
  5329 | D:6      | Found a sparkling altar of Nemelex Xobeh.
  6003 | D:7      | Found a shadowy altar of Dithmenos.
  6012 | D:7      | Reached skill level 11 in Maces & Flails
  6196 | D:7      | Noticed Descartes's ghost (novice TrCK)
  6251 | D:7      | Found a runed translucent gate.
  6252 | D:7      | Found a runed translucent gate.
  6253 | D:7      | Found a runed translucent gate.
  6292 | D:7      | Reached **** piety under Okawaru
  6293 | D:7      | Reached skill level 12 in Maces & Flails
  6352 | D:7      | Noticed Duvessa
  6353 | D:7      | Noticed Dowan
  6358 | D:7      | Killed Duvessa
  6366 | D:7      | Killed Dowan
  7449 | D:8      | Noticed Erica
  7500 | D:9      | Reached skill level 13 in Maces & Flails
  7500 | D:9      | Reached XP level 10. HP: 51/60 MP: 10/10
  7571 | D:9      | Found a flagged portal.
  7577 | D:9      | Noticed Erolcha
  7580 | Bailey   | Entered a bailey
  8685 | D:8      | Killed Erica
  8685 | D:8      | Received a gift from Okawaru
  8686 | D:8      | Reached skill level 14 in Maces & Flails
  9108 | D:9      | Noticed a two-headed ogre
  9114 | D:9      | Killed a two-headed ogre
  9114 | D:9      | Reached ***** piety under Okawaru
  9124 | D:9      | Killed Erolcha
  9125 | D:9      | Reached skill level 5 in Armour
  9274 | D:9      | Reached skill level 1 in Invocations
  9430 | D:9      | Noticed Psyche
  9539 | D:9      | Noticed Joseph
  9553 | D:9      | Killed Joseph
  9554 | D:9      | Reached XP level 11. HP: 58/69 MP: 12/12
  9647 | D:9      | Received a gift from Okawaru
  9989 | D:10     | Entered Level 10 of the Dungeon
 10018 | D:10     | Found a blossoming altar of Fedhas.
 10106 | D:10     | Found a white marble altar of Elyvilon.
 10232 | D:10     | Noticed a catoblepas
 10240 | D:10     | Killed a catoblepas
 10544 | D:10     | Found a broken altar of Ashenzari.
 10950 | D:11     | Noticed a two-headed ogre
 10959 | D:11     | Killed a two-headed ogre
 10960 | D:11     | Reached skill level 5 in Invocations
 11125 | D:11     | Found a staircase to the Lair.
 11173 | D:11     | Noticed a two-headed ogre
 11174 | D:11     | Noticed a two-headed ogre
 11179 | D:11     | Killed a two-headed ogre
 11246 | D:11     | Reached skill level 10 in Fighting
 11251 | D:11     | Received a gift from Okawaru
 11306 | D:11     | Noticed a cyclops
 11309 | D:11     | HP: 3/73 [yaktaur/bolt (20)]
 11310 | D:11     | Shot with a bolt by a yaktaur

Illustrated notes

Levels and vault maps discovered:
D:1:      wander_arrival_estate, layout_basic,
          ebering_ecumenical_altar_petrified
D:2:      layout_basic, basic_altar
D:3:      layout_loops_ring, hellmonk_ghost_happy_afterlife, fountainhead,
          st_stairs_12, nicolae_underground_beach
D:4:      layout_rooms, minmay_temple_entry_fiery, enter_ossuary_2, uniq_edmund,
          uniq_grinder
D:5:      minmay_polygon_palace, layout_loops_cross,
          gammafunk_ghost_abyssal_escape
D:6:      layout_gridville, nicolae_uskayaw_dance_hall,
          nemelex_xobeh_ov_fountains_minmay, okawaru_ov_weapons_minmay
D:7:      layout_basic, nicolae_dithmenos_through_a_glass_darkly,
          gammafunk_ghost_split, amcnicky_mini_pool_small, lightli_orcish_oven,
          uniq_duvessa
D:8:      layout_cave_pools, uniq_erica
D:9:      layout_irregular_city, enter_bailey_8, hangedman_abyss_or_decor_stabs,
          uniq_psyche, uniq_joseph, uniq_erolcha
D:10:     layout_stronghold, kennysheep_mini_moat,
          nicolae_elyvilon_peaceful_grove, fedhas_altar_4
D:11:     minmay_octagon_keep, layout_basic, dpeg_oklobed_lair, grunt_potential

Skill      XL: |  1  2  3  4  5  6  7  8  9 10 11 |
---------------+----------------------------------+-----
Maces & Flails | 3 4 5 6 7 9 10 13 14 | 14.0
Fighting       | 6 8 10 | 10.5
Armour         | 5 8 |  8.0
Invocations    | 2 6 |  6.0
Shields        | |  3.2

Action                   |  1- 3 |  4- 6 |  7- 9 | 10-12 || total
-------------------------+-------+-------+-------+-------++-------
Melee: Flail             |    94 |   169 |    60 |       ||   323
       Dire flail        |       |       |   195 |   172 ||   367
       Unarmed           |       |       |     1 |       ||     1
       Great mace        |       |       |       |   128 ||   128
Throw: Boomerang         |       |       |       |    23 ||    23
Invok: Finesse           |       |       |       |     1 ||     1
       Heroism           |       |       |       |     1 ||     1
  Use: Scroll            |     2 |     2 |     7 |     8 ||    19
       Potion            |       |     1 |       |     2 ||     3
Armor: Scale mail        |    43 |   165 |   141 |    22 ||   371
       Plate armour      |       |       |       |   177 ||   177
Dodge: Dodged            |    60 |   130 |    99 |   106 ||   395
Block: Buckler           |    22 |    48 |    11 |       ||    81
